 Dungeon Crawl Stone Soup version 0.21.0 (webtiles) character file.

107 Gaball the Grave Robber (level 4, -13/30 HPs)
             Began as a Mummy Necromancer on Jan 6, 2018.
             Killed from afar by an orc wizard (18 damage)
             ... with a puff of flame
             ... on level 3 of the Dungeon.
             The game lasted 00:05:15 (1779 turns).

Gaball the Grave Robber (Mummy Necromancer)         Turns: 1779, Time: 00:05:15

Health: -13/30     AC:  2    Str: 11    XL:     4   Next: 57%
Magic:  10/10      EV: 12    Int: 15    God:
Gold:   98         SH:  0    Dex: 12    Spells: 10/12 levels left

rFire    x . .     SeeInvis .   (no weapon)
rCold    + . .     Gourm    .   (no shield)
rNeg     + + +     Faith    .   a - +0 robe rPois āˆž Spirit .
                                (no helmet)
rElec    .         Reflect  .   (no cloak)
rCorr    .         Harm     .   (no gloves)
MR       .....                  (no boots)
Stlth    ++........             (no amulet)
HPRegen  0.10/turn              (no ring)
MPRegen  0.12/turn              (no ring)

@: no status effects
A: no food or potions, fire vulnerability, cold resistance 1, negative energy
resistance 3, torment resistance, unbreathing
a: no special abilities


You were on level 3 of the Dungeon.
You were not hungry.

You visited 1 branch of the dungeon, and saw 3 of its levels.

You collected 98 gold pieces.

Inventory:

Armour
 a - a +0 robe (worn)
Jewellery
 c - an uncursed ring of protection from magic {unknown}
 f - an uncursed amulet of harm {unknown}
Wands
 k - a wand of iceblast (7)
 l - a wand of acid (10)
Scrolls
 d - 3 scrolls of enchant armour {unknown}
 e - a scroll of fog {unknown}
 g - 3 scrolls of identify {unknown}
 h - 2 scrolls of remove curse {unknown}
 i - a scroll of immolation {unknown}
 j - a scroll of magic mapping {unknown}
Books
 b - a book of Necromancy

   Spells                             Type                      Level
   a - Pain                           Necromancy                   1
   b - Animate Skeleton               Necromancy                   1
   c - Vampiric Draining              Necromancy                   3
   d - Regeneration                   Charms/Necromancy            3
   e - Animate Dead                   Necromancy                   4
   f - Borgnjor's Vile Clutch         Necromancy/Earth             5


   Skills:
 - Level 1.5 Dodging
 - Level 1.5 Stealth
 + Level 4.6 Spellcasting
 + Level 5.1 Necromancy


You had 10 spell levels left.
You knew the following spells:

 Your Spells              Type           Power        Failure   Level  Hunger
a - Pain                  Necr           ###.         1%          1    N/A
b - Animate Skeleton      Necr           N/A          1%          1    N/A

Dungeon Overview and Level Annotations

Branches:
Dungeon (3/15)

Altars:


Innate Abilities, Weirdness & Mutations

You do not eat or drink.
Your flesh is vulnerable to fire.
You are immune to poison.
Your flesh is cold resistant. (rC+)
You are immune to negative energy. (rN+++)
You are immune to unholy pain and torment.
You can survive without breathing.


Message History

A puff of frost appears from out of thin air!
The puff of frost hits you! You resist.
A leopard gecko comes into view.
Found an escape hatch in the ceiling.
Found a ration.
Found an escape hatch in the floor.
The leopard gecko barely misses you.
A puff of flame appears from out of thin air!
The puff of flame hits you! The fire burns you terribly!
* * * LOW HITPOINT WARNING * * *
The leopard gecko bites you.
* * * LOW HITPOINT WARNING * * *
The leopard gecko completely misses you. 2 goblins and a hobgoblin come into view.
The hobgoblin shouts!
You hear a shout! x5
There is an escape hatch in the ceiling here.
The goblin shouts!
A puff of flame appears from out of thin air!
The puff of flame hits you! The fire burns you terribly!
Ouch! That really hurt!
You die... #..####### #.# #......%.# #.# #........# #.## g #........#+#######... gā‰ˆ

#..>.................
gā‰ˆā‰ˆ#........o...........
...........o............
...........g............
.......@l.r.o.......$...
............o...........
........................
....#################### ...
##


You could see 4 orcs, a leopard gecko, 2 hobgoblins, 2 goblins and a rat.

Vanquished Creatures
  Jessica (D:2)
  3 adders (D:2)
  2 worms (D:2)
  3 dart slugs
  3 leopard geckos (D:2)
  2 giant cockroaches
  3 goblins
  3 hobgoblins
  2 jackals (D:1)
  4 kobolds
  2 quokkas
  7 bats
  6 rats
41 creatures vanquished.

Notes
Turn   | Place    | Note
-------+----------+-------------------------------------------
     0 | D:1      | Gaball the Mummy Necromancer began the quest for the Orb.
     0 | D:1      | Reached XP level 1. HP: 13/13 MP: 4/4
   378 | D:1      | Reached XP level 2. HP: 19/19 MP: 4/6
   805 | D:2      | Noticed Jessica
   811 | D:2      | Killed Jessica
   811 | D:2      | Reached XP level 3. HP: 24/24 MP: 0/8
   910 | D:1      | Learned a level 1 spell: Animate Skeleton
  1151 | D:2      | Reached XP level 4. HP: 30/30 MP: 6/10
  1262 | D:2      | Reached skill level 5 in Necromancy
  1779 | D:3      | Killed from afar by an orc wizard

Skill      XL: |  1  2  3  4 |
---------------+-------------+-----
Spellcasting   | 3 4 |  4.6
Necromancy     | 5 |  5.1
Dodging        | |  1.5
Stealth        | |  1.5

Action                   |  1- 3 |  4- 6 || total
-------------------------+-------+-------++-------
Melee: Unarmed           |     5 |     4 ||     9
 Cast: Pain              |    54 |    41 ||    95
       Animate Skeleton  |       |     2 ||     2
Armor: Robe              |     7 |     7 ||    14
Dodge: Dodged            |    10 |    25 ||    35
